 Dungeon Crawl Stone Soup version 0.17.1-2-g5865329 (webtiles) character file.

123579 Glider the Tortoise (level 16, -3/100 HPs)
             Began as a Gargoyle Ice Elementalist on Jan 16, 2016.
             Was the Champion of Qazlal.
             Killed from afar by a starcursed mass (9 damage)
             ... with an accursed screaming
             ... on level 1 of the Abyss.
             The game lasted 02:42:44 (32399 turns).

Glider the Tortoise (Gargoyle Ice Elementalist)    Turns: 32399, Time: 02:42:45

Health: -3/100     AC: 39    Str: 17      XL:     16   Next: 90%
Magic:  20/23      EV: 12    Int: 19 (22) God:    Qazlal [******]
Gold:   3453       SH: 29    Dex: 19      Spells: 4 memorised, 9 levels left

rFire  + . .     SeeInvis .     P - +5 eveningstar (freeze)
rCold  + . .     Clarity  .     O - +4 chain mail {rF+}
rNeg   + . .     SustAt   .     D - +1 large shield of the Stars {Dex+5 Slay+2}
rPois  ∞         Gourm    .     q - +0 helmet
rElec  +         Spirit   .     J - +0 cloak
rCorr  .         Warding  .     y - +1 pair of gloves
rMut   .         Stasis   .     N - +0 pair of boots
MR     +....                    (no amulet)
Stlth  ..........               U - ring of protection from cold
                                M - +4 ring of strength

@: agile, about to teleport, flying, repel missiles, somewhat resistant to
hostile enchantments, extremely unstealthy
A: big wings, rough black scales 1, yellow scales 1, breathe flames 1, deformed
body, low mp 1, negative energy resistance 1, electricity resistance,
unbreathing, petrification resistance, rot immunity, subdued magic 1, AC +11
a: Stop Flying, Upheaval, Elemental Force, Disaster Area, Renounce Religion,
Breathe Fire


You were on level 1 of the Abyss.
You worshipped Qazlal.
Qazlal was exalted by your worship.
You were hungry.

You visited 4 branches of the dungeon, and saw 27 of its levels.
You visited the Abyss 1 time.
You also visited: Labyrinth, Bailey, Ice Cave and Volcano.

You collected 3887 gold pieces.
You spent 434 gold pieces at shops.

Inventory:

Hand Weapons
 j - the +10 hand axe of Fedhas's Castigation {speed, rPois}
   (You found it on level 12 of the Dungeon)

   Attacks with this weapon are significantly faster.
   It protects you from poison.
 m - the +9 war axe of Qangop Xumo {holy, MR+ Int+5}
   (You bought it in a shop on level 4 of the Orcish Mines)

   It has been blessed by the Shining One to cause great damage to the undead
   and demons.
   It affects your intelligence (+5).
   It affects your resistance to hostile enchantments.
 P - a +5 eveningstar of freezing (weapon)
Armour
 q - a +0 helmet (worn)
 y - a +1 pair of gloves (worn)
 D - the +1 large shield of the Stars (worn) {Dex+5 Slay+2}
   (You found it on level 8 of the Lair of Beasts)

   It affects your dexterity (+5).
   It affects your accuracy and damage with ranged weapons and melee attacks
   (+2).
 J - a +0 cloak (worn)
 N - a +0 pair of boots (worn)
 O - a +4 chain mail of fire resistance (worn)
Jewellery
 t - an uncursed ring of protection from fire
 M - a +4 ring of strength (left hand)
 U - a ring of protection from cold (right hand)
Wands
 n - a wand of lightning (6)
 w - a wand of paralysis (8)
 x - a wand of fireball (6)
 z - a wand of magic darts (29)
 B - a wand of digging (9)
 C - a wand of digging (7)
 E - a wand of paralysis (18)
 Q - a wand of cold (9)
Scrolls
 d - 4 scrolls of identify
 g - 9 scrolls of teleportation
 k - 4 scrolls of magic mapping
 o - 5 scrolls of recharging
 s - 9 scrolls of remove curse
 v - 2 scrolls of silence
 F - 2 scrolls of fog
 H - 2 scrolls of blinking
 L - 3 scrolls of enchant armour
 X - 4 scrolls of fear
Potions
 e - 4 potions of berserk rage
 h - a potion of resistance
 i - 2 potions of cancellation
 l - 2 potions of agility
 p - 2 potions of magic
 r - 12 potions of curing
 u - 3 potions of might
 A - 6 potions of heal wounds
 I - 5 potions of brilliance
 R - 3 potions of haste
 V - 3 potions of cure mutation
Books
 S - a book of Dreams

   Spells                             Type                      Level
   a - Ensorcelled Hibernation        Hexes/Ice                    2
   b - Phase Shift                    Translocation                5
   c - Shadow Creatures               Summoning                    5
   d - Silence                        Hexes/Air                    5
   e - Darkness                       Hexes                        6
   f - Mass Confusion                 Hexes                        6
Miscellaneous
 b - a legendary deck of wonders {Wild Magic}
 f - a fan of gales
 G - a disc of storms
Comestibles
 a - 4 meat rations
 c - 15 bread rations
 T - a beef jerky


   Skills:
 - Level 11.0 Fighting
 - Level 13.0 Maces & Flails
 - Level 17.0 Armour
 - Level 2.0 Dodging
 - Level 2.1 Stealth
 * Level 15.2 Shields
 - Level 2.0 Spellcasting
 - Level 1.1 Conjurations
 - Level 2.0 Charms
 - Level 3.0 Ice Magic
 * Level 13.1 Invocations


You had 9 spell levels left.
You knew the following spells:

 Your Spells              Type           Power        Failure   Level  Hunger
a - Freeze                Ice            #...         82%         1    #......
b - Throw Frost           Conj/Ice       #.....       99%         2    ###....
c - Ozocubu's Armour      Chrm/Ice       #.......     100%        3    ###....
d - Summon Ice Beast      Ice/Summ       #.......     100%        4    #####..


Dungeon Overview and Level Annotations

Branches:
Dungeon (14/15)            Temple (1/1) D:6            Lair (8/8) D:9
 Shoals (0/4) Lair:5        Snake (0/4) Lair:4        Slime (0/6) Lair:8
    Orc (4/4) D:10            Elf (0/3) Orc:4
 Vaults: D:13-14

Altars:
Ashenzari
Cheibriados
Dithmenos
Elyvilon
Fedhas
Gozag
Kikubaaqudgha
Makhleb
Nemelex Xobeh
Okawaru
Qazlal
Ru
Sif Muna
Trog
Vehumet
Xom
Yredelemnul
Zin
The Shining One
Beogh
Jiyva

Shops:
D:4 :   D:14 (   Orc:4 =([*

Portals:
Hell: Lair:8


Innate Abilities, Weirdness & Mutations

You are resistant to torment.
Your stone body is resilient (AC +11).
You are immune to poison.
Your large and strong wings let you fly indefinitely.
You resist negative energy.
You are resistant to electric shocks.
You can survive without breathing.
You are immune to petrification.
You are immune to rotting.
You are partially covered in rough black scales (AC +4, Dex -1).
You are partially covered in yellow scales (AC +2).
You can breathe flames.
Armour fits poorly on your strangely shaped body.
Your magical capacity is low (-10% MP).
Your spells are a little easier to cast, but a little less powerful.


Message History

The ynoxinul gestures at you. You block the iron shot.
A cacophony of accursed wailing tears at your sanity!
* * * LOW HITPOINT WARNING * * *
A starcursed mass splits.
The orb spider spins a strand of pure energy.
You block the blizzard demon's attack. The blizzard demon closely misses you.
A cacophony of accursed wailing tears at your sanity!
* * * LOW HITPOINT WARNING * * *
You suddenly lose the ability to move!
An insubstantial wisp and a neqoxec come into view.
The ufetubus hits you but does no damage. x2
The starcursed mass engulfs you but does no damage.
The ufetubus hits you but does no damage.
The ufetubus hits you.
* * * LOW HITPOINT WARNING * * *
The ynoxinul is engulfed in freezing vapours.
You can move again.
A cacophony of accursed wailing tears at your sanity!
You die...

. ... .. § ...
...#....#.... .. . . .
........§....#.. .. .
.......§v.§§§.§ . ..
.. #..####...§.#.§§ .
. #.....§...§§§§§§.. #
. .....§...§........
#..
.§§..§.§.....§.......
#......@§§§s#.§......
.
..§..§§5.............
..§....3X.2§#.... §
§§..
...#.X§.5XX§§§.3... .
.....XX§X....§.§§..
§§..§.X.X..§§§...... .
...#...X...§#..§.§.. .
.§§§§#.§..X§.........
....#....$.§§....§.§..
.


You could see 11 starcursed masses, a blizzard demon, an orb spider, a ynoxinul,
an insubstantial wisp and 2 ufetubi.

Vanquished Creatures
  Rupert (Lair:7)
  A frost giant (IceCv)
  An orc warlord (Orc:4)
  The ghost of Clownie the Blocker, a journeyman FoFi of the Shining One (IceCv)
  A minotaur (Lab)
  Josephine (Orc:2)
  Erolcha (Orc:2)
  Fannar (Lair:1)
  3 hydras
  5 centaur warriors
  A catoblepas (Lair:4)
  27 death yaks
  An orc high priest (Orc:4)
  Nergalle (Orc:1)
  A wretched star (Abyss:1)
  2 sun demons
  A fire crab (Lair:8)
  A skeletal warrior (D:10)
  The ghost of Clownie the Blocker, a novice FoFi (Bailey)
  A flayed ghost (Abyss:1)
  4 lindwurms (Lair:6)
  2 unseen horrors
  2 hill giants
  3 griffons
  6 ugly things
  5 orc sorcerers
  2 wizards
  4 oklob plants
  7 orc knights
  A sixfirhy (Lair:8)
  5 cyclopes
  3 toenail golems (Volcano)
  Maurice (D:10)
  Joseph (D:9)
  5 black mambas
  2 manticores
  An ice statue (IceCv)
  4 torpor snails
  Psyche (D:11)
  5 gargoyles
  An apocalypse crab (Abyss:1)
  6 orange demons (Lair:8)
  3 smoke demons
  20 spiny frogs
  16 komodo dragons
  6 trolls
  A red devil (Lair:8)
  3 fire drakes
  14 polar bears (IceCv)
  11 blink frogs
  2 blue devils (Lair:8)
  2 two-headed ogres
  A minotaur skeleton (Lab)
  4 trapdoor spiders
  Sigmund (D:4)
  A shadow (Lab)
  A human (shapeshifter) (D:14)
  A deep elf mage (D:11)
  6 wraiths
  Eustachio (D:4)
  3 wyverns
  10 hungry ghosts
  7 humans
  5 large abominations (Abyss:1)
  51 yaks
  4 basilisks
  18 hippogriffs
  A hell hound (Lair:8)
  2 soldier ants
  2 vampire mosquitoes (D:13)
  A neqoxec (Abyss:1)
  6 wargs
  11 swamp worms (Lair:5)
  17 wolves
  A mottled dragon (D:9)
  39 orc warriors
  2 nagas (Lair:4)
  17 porcupines
  16 water moccasins
  5 ice beasts
  8 spiders (D:12)
  4 sky beasts
  10 ogres
  10 centaurs
  2 big kobolds
  3 phantoms
  22 crocodiles
  A small abomination (Abyss:1)
  18 giant frogs
  A gnoll sergeant (D:7)
  An earth elemental (Lab)
  2 scorpions
  A wyvern skeleton (D:10)
  4 wights (D:13)
  10 killer bees
  A quasit (D:6)
  4 centaur zombies
  5 crimson imps
  5 electric eels
  3 giant frog zombies
  5 jellies
  2 iron imps
  Crazy Yiuf (D:6)
  3 hounds
  11 iguanas
  21 orc priests
  4 centaur skeletons
  3 giant frog skeletons
  27 orc wizards
  Natasha (thrice) (D:4)
  7 worker ants
  A hound zombie (D:9)
  24 sheep
  2 hound skeletons (D:7)
  A worker ant zombie (D:5)
  66 river rats
  10 adders
  15 gnolls
  12 white imps (Lair:6)
  2 shadow imps
  An adder skeleton (D:6)
  14 worms
  8 giant geckos
  199 orcs
  A ball python (D:3)
  4 giant cockroaches
  10 goblins
  11 hobgoblins
  4 quokkas
  9 bats
  A giant gecko skeleton (D:6)
  A giant gecko zombie (D:7)
  8 giant newts
  3 jackals (D:2)
  15 kobolds
  2 quokka skeletons
  10 rats
  A bush (Lair:4)
  84 fungi
  57 plants
1214 creatures vanquished.

Vanquished Creatures (collateral kills)
  4 hydras
  3 death yaks
  A komodo dragon (Lair:7)
  A fire drake (Lair:8)
  2 yaks (Lair:4)
  2 river rats (Lair:1)
13 creatures vanquished.

Vanquished Creatures (others)
  2 polar bears (IceCv)
  2 yaks (IceCv)
  6 wolves (IceCv)
  An orc warrior (Orc:4)
  An orc (Orc:2)
  22 fungi
  15 plants
49 creatures vanquished.

Grand Total: 1276 creatures vanquished

Notes
Turn   | Place    | Note
--------------------------------------------------------------
     0 | D:1      | Glider the Gargoyle Ice Elementalist began the quest for the Orb.
     0 | D:1      | Reached XP level 1. HP: 10/10 MP: 3/3
   129 | D:1      | Reached skill level 1 in Fighting
   363 | D:1      | Reached XP level 2. HP: 14/17 MP: 5/5
   601 | D:1      | Learned a level 2 spell: Throw Frost
   632 | D:1      | Reached skill level 1 in Maces & Flails
   705 | D:1      | Reached XP level 3. HP: 18/21 MP: 6/6
   776 | D:1      | Learned a level 3 spell: Ozocubu's Armour
  1664 | D:2      | Reached XP level 4. HP: 27/27 MP: 7/7
  1679 | D:2      | Found a shadowy altar of Dithmenos.
  2055 | D:2      | Reached skill level 1 in Charms
  2209 | D:2      | Found a stormy altar of Qazlal.
  2221 | D:2      | Became a worshipper of Qazlal Stormbringer
  2266 | D:2      | Found a sparkling altar of Nemelex Xobeh.
  2267 | D:2      | Found an opulent altar of Gozag.
  2515 | D:2      | Reached XP level 5. HP: 16/32 MP: 4/8
  2925 | D:3      | Reached XP level 6. HP: 37/37 MP: 9/9
  2930 | D:3      | Reached * piety under Qazlal
  2930 | D:3      | Reached skill level 4 in Maces & Flails
  3144 | D:4      | Found Dirr's Book Shop.
  3145 | D:4      | Noticed Natasha
  3151 | D:4      | Killed Natasha
  3172 | D:4      | Noticed an angel
  3176 | D:4      | Noticed Eustachio
  3180 | D:4      | Noticed Natasha
  3184 | D:4      | Killed Natasha
  3185 | D:4      | Found a glowing silver altar of Zin.
  3185 | D:4      | Found a shimmering altar of Xom.
  3227 | D:4      | Killed Eustachio
  3227 | D:4      | Reached skill level 5 in Maces & Flails
  3227 | D:4      | Reached XP level 7. HP: 38/41 MP: 0/10
  3236 | D:4      | Noticed Natasha
  3242 | D:4      | Killed Natasha
  3379 | D:4      | Noticed Sigmund
  3407 | D:4      | Reached skill level 6 in Maces & Flails
  3409 | D:4      | Killed Sigmund
  3409 | D:4      | Reached skill level 7 in Maces & Flails
  3692 | D:4      | Reached skill level 1 in Armour
  4033 | D:4      | Paralysed by an orc priest for 5 turns
  4043 | D:4      | Paralysed by an orc priest for 7 turns
  4340 | D:5      | Entered Level 5 of the Dungeon
  4350 | D:5      | Found a snail-covered altar of Cheibriados.
  4370 | D:5      | Reached XP level 8. HP: 34/46 MP: 11/11
  4376 | D:5      | Learned a level 4 spell: Summon Ice Beast
  4589 | D:5      | Reached skill level 5 in Armour
  4882 | D:5      | Reached skill level 1 in Shields
  5183 | D:5      | Reached ** piety under Qazlal
  5366 | D:6      | Found a staircase to the Ecumenical Temple.
  5405 | Temple   | Entered the Ecumenical Temple
  5520 | D:6      | Found an iron altar of Okawaru.
  5692 | D:6      | Found a white marble altar of Elyvilon.
  5877 | D:6      | Noticed Crazy Yiuf
  5884 | D:6      | Killed Crazy Yiuf
  5884 | D:6      | Reached XP level 9. HP: 50/50 MP: 8/12
  6486 | D:7      | Reached skill level 5 in Shields
  6525 | D:7      | Found a shattered altar of Ashenzari.
  7103 | D:7      | Gained mutation: You are partially covered in rough black scales (AC +4, Dex -1). [mutagenic meat]
  7104 | D:7      | Gained mutation: Your magical capacity is low (-10% MP). [mutagenic meat]
  7105 | D:7      | Gained mutation: Armour fits poorly on your strangely shaped body. [mutagenic meat]
  7106 | D:7      | Gained mutation: You are partially covered in yellow scales (AC +2). [mutagenic meat]
  7136 | D:7      | Gained mutation: Your spells are a little easier to cast, but a little less powerful. [mutagenic meat]
  7279 | D:8      | Reached skill level 8 in Shields
  7350 | D:8      | Found a snail-covered altar of Cheibriados.
  7471 | D:8      | Found an ancient bone altar of Kikubaaqudgha.
  8007 | D:8      | Reached XP level 10. HP: 56/56 MP: 11/11
  8013 | D:8      | Reached skill level 9 in Maces & Flails
  8201 | D:9      | Reached *** piety under Qazlal
  8259 | D:9      | Noticed Joseph
  8277 | D:9      | Killed Joseph
  8359 | D:9      | Reached skill level 10 in Maces & Flails
  8497 | D:9      | Found a blossoming altar of Fedhas.
  8614 | D:9      | Found a burning altar of Makhleb.
  8791 | D:9      | Reached skill level 11 in Maces & Flails
  8859 | D:9      | Found a staircase to the Lair.
  9195 | D:10     | Entered Level 10 of the Dungeon
  9216 | D:10     | Reached **** piety under Qazlal
  9247 | D:10     | Noticed a centaur warrior
  9256 | D:10     | Killed a centaur warrior
  9256 | D:10     | Reached skill level 12 in Maces & Flails
  9256 | D:10     | Reached XP level 11. HP: 35/60 MP: 12/12
  9465 | D:10     | Noticed a skeletal warrior
  9483 | D:10     | Killed a skeletal warrior
  9575 | D:10     | Found a staircase to the Orcish Mines.
  9778 | D:10     | Noticed a centaur warrior
  9792 | D:10     | Killed a centaur warrior
  9792 | D:10     | Reached skill level 13 in Maces & Flails
 10149 | D:10     | Noticed Maurice
 10194 | D:10     | Reached ***** piety under Qazlal
 10220 | D:10     | Killed Maurice
 10442 | D:10     | Killed an unseen horror
 10848 | D:11     | Reached skill level 10 in Armour
 11217 | D:11     | Noticed Psyche
 11226 | D:11     | Killed Psyche
 11301 | D:11     | Noticed a hill giant
 11312 | D:11     | Killed a hill giant
 11312 | D:11     | Reached XP level 12. HP: 67/67 MP: 13/13
 11372 | D:11     | Killed an unseen horror
 11387 | D:11     | Reached skill level 5 in Fighting
 11436 | D:11     | Reached skill level 1 in Invocations
 11848 | Lair:1   | Entered Level 1 of the Lair of Beasts
 11851 | Lair:1   | Noticed Fannar
 12216 | Lair:1   | Killed Fannar
 12726 | Lair:1   | Noticed a five-headed hydra
 12747 | Lair:1   | Killed a five-headed hydra
 13555 | Lair:2   | Noticed an eight-headed hydra
 13566 | Lair:2   | Killed an eight-headed hydra
 13566 | Lair:2   | Reached skill level 5 in Invocations
 14341 | Lair:2   | Noticed a six-headed hydra
 14356 | Lair:2   | Killed a six-headed hydra
 14752 | Lair:3   | Reached XP level 13. HP: 59/76 MP: 15/15
 14756 | Lair:3   | Noticed a seven-headed hydra
 14772 | Lair:3   | Killed a seven-headed hydra
 15027 | Lair:3   | Noticed a four-headed hydra
 15039 | Lair:3   | Killed a four-headed hydra
 15206 | Lair:3   | Got a translucent scale mail
 15267 | Lair:3   | Found a dark tunnel.
 15272 | Volcano  | Entered a volcano
 15346 | Volcano  | Identified the cursed +1 scale mail of Orthodoxy {Regen+} (You found it on level 3 of the Lair of Beasts)
 15399 | Volcano  | Reached skill level 14 in Armour
 17016 | Lair:4   | Found a staircase to the Snake Pit.
 17723 | Lair:4   | Reached skill level 15 in Armour
 18154 | Lair:5   | Found a staircase to the Shoals.
 18226 | Lair:5   | Gained mutation: Your large and strong wings let you fly indefinitely. [Gargoyle growth]
 18226 | Lair:5   | Reached XP level 14. HP: 58/82 MP: 18/18
 18349 | Lair:5   | Identified the Almanac of the Birds
 18448 | Lair:5   | Reached skill level 10 in Invocations
 19620 | Lair:6   | Found a frozen archway.
 19641 | IceCv    | Entered an ice cave
 19656 | IceCv    | Reached skill level 16 in Armour
 20456 | IceCv    | Noticed Clownie's ghost (journeyman FoFi)
 20553 | IceCv    | Killed Clownie's ghost
 20936 | IceCv    | Noticed a frost giant
 20956 | IceCv    | Killed a frost giant
 21560 | Lair:1   | Gained mutation: You occasionally shout uncontrollably at your foes. [potion of mutation]
 21560 | Lair:1   | Lost mutation: You occasionally shout uncontrollably at your foes. [potion of mutation]
 21560 | Lair:1   | Gained mutation: You can breathe flames. [potion of mutation]
 22807 | Lair:7   | Reached XP level 15. HP: 87/87 MP: 21/21
 22810 | Lair:7   | Noticed Rupert
 22848 | Lair:7   | Killed Rupert
 22957 | Lair:7   | Reached skill level 10 in Shields
 22974 | Lair:7   | Reached skill level 17 in Armour
 23232 | Lair:7   | Found a snail-covered altar of Cheibriados.
 23702 | Lair:8   | Entered Level 8 of the Lair of Beasts
 24303 | Lair:8   | Got a slimy large shield
 24391 | Lair:8   | Identified the +1 large shield of the Stars {Dex+5 Slay+2} (You found it on level 8 of the Lair of Beasts)
 24450 | Lair:8   | Reached skill level 10 in Fighting
 24987 | Lair:8   | Found a viscous altar of Jiyva.
 25011 | Lair:8   | Found a staircase to the Slime Pits.
 25227 | Lair:8   | Found a burning altar of Makhleb.
 25294 | Lair:8   | Reached ****** piety under Qazlal
 25488 | Lair:8   | Found a gateway to Hell.
 26211 | Orc:1    | Entered Level 1 of the Orcish Mines
 26211 | Orc:1    | Noticed Nergalle
 26218 | Orc:1    | Killed Nergalle
 26450 | Orc:1    | Found a flagged portal.
 26457 | Bailey   | Entered a bailey
 26556 | Bailey   | Noticed Clownie's ghost (novice FoFi)
 26567 | Bailey   | Killed Clownie's ghost
 26631 | Bailey   | Reached XP level 16. HP: 99/99 MP: 22/22
 26644 | Bailey   | Found a roughly hewn altar of Beogh.
 26921 | Orc:1    | Found a burning altar of Makhleb.
 27313 | Orc:2    | Noticed Erolcha
 27316 | Orc:2    | Killed Erolcha
 27349 | Orc:2    | Noticed Josephine
 27362 | Orc:2    | Killed Josephine
 27934 | Orc:2    | Found a roughly hewn altar of Beogh.
 28539 | Orc:4    | Entered Level 4 of the Orcish Mines
 28546 | Orc:4    | Found Supudiodgh's General Store.
 28547 | Orc:4    | Paralysed by an orc sorcerer for 5 turns
 28745 | Orc:4    | Found Uleoph's Antique Armour Emporium.
 28890 | Orc:4    | Found Lialome's Jewellery Shoppe.
 28896 | Orc:4    | Found a labyrinth entrance.
 28921 | Lab      | Entered a labyrinth
 29021 | Lab      | Found an exit through the horrors of the Abyss.
 29326 | Lab      | Got a twisted flail
 29491 | Lab      | Got an aquamarine-encrusted ring mail
 29541 | Orc:4    | Identified the +0 ring mail "Hameowac" {rElec Dex+3} (You found it in a labyrinth)
 29541 | Orc:4    | Identified the cursed +0 flail "Paostri" {flame, rF+ rN+} (You found it in a labyrinth)
 29683 | Orc:4    | Found a staircase to the Elven Halls.
 29718 | Orc:4    | Bought a scroll of identify for 24 gold pieces
 29718 | Orc:4    | Bought a potion of magic for 96 gold pieces
 29737 | Orc:4    | Found Akaqaq's Antique Weapon Emporium.
 29745 | Orc:4    | Bought a warped war axe for 314 gold pieces
 29745 | Orc:4    | Identified the +9 war axe of Qangop Xumo {holy, MR+ Int+5} (You bought it in a shop on level 4 of the Orcish Mines)
 30969 | D:12     | Got a warped hand axe
 30970 | D:12     | Identified the +10 hand axe of Fedhas's Castigation {speed, rPois} (You found it on level 12 of the Dungeon)
 31831 | D:13     | You are sucked into a shaft!
 32252 | D:14     | Found Ipradioc's Weapon Emporium.
 32287 | D:14     | Cast into the Abyss (a wizard)
 32364 | Abyss:1  | Reached skill level 15 in Shields
 32397 | Abyss:1  | Paralysed by accursed screaming for 2 turns
 32399 | Abyss:1  | Killed from afar by a starcursed mass

Action                   |  1- 3 |  4- 6 |  7- 9 | 10-12 | 13-15 | 16-18 || total
-------------------------+-------+-------+-------+-------+-------+-------++-------
Melee: Mace              |   111 |    89 |       |       |       |       ||   200
       Unarmed           |     5 |       |       |       |       |       ||     5
       Whip              |       |    72 |   445 |  1217 |  2183 |       ||  3917
       Eveningstar       |       |       |       |       |   109 |   681 ||   790
 Cast: Freeze            |     4 |    20 |       |    21 |       |       ||    45
       Ozocubu's Armour  |     1 |     5 |     5 |       |       |       ||    11
       Throw Frost       |       |     3 |       |       |       |       ||     3
Invok: Upheaval          |       |       |     3 |     2 |    10 |     2 ||    17
       Elemental Force   |       |       |       |     4 |     5 |       ||     9
       Disaster Area     |       |       |       |       |       |     3 ||     3
 Abil: Fly               |       |       |       |       |     1 |       ||     1
       Breathe Fire      |       |       |       |       |       |     1 ||     1
Evoke: Wand              |       |       |       |     1 |     1 |       ||     2
  Use: Scroll            |       |       |    10 |    17 |    17 |     4 ||    48
       Potion            |       |       |       |     2 |     1 |     1 ||     4
 Stab: Sleeping          |     4 |       |       |       |       |       ||     4
       Distracted        |       |       |       |       |     2 |       ||     2
  Eat: Chunk             |     3 |     6 |    21 |    26 |    40 |    17 ||   113
       Fruit             |       |       |       |     1 |       |       ||     1
       Bread ration      |       |       |       |       |       |     1 ||     1
